 Dungeon Crawl Stone Soup version 0.20-a0-910-gb611367 (webtiles) character file.

9074 galech the Grappler (level 11, -8/104 HPs)
             Began as a Troll Monk on Mar 23, 2017.
             Was an Elder of Cheibriados.
             Mangled by a two-headed ogre
             ... wielding a +0 giant spiked club
              (21 damage)
             ... on level 9 of the Dungeon.
             The game lasted 00:21:16 (8786 turns).

galech the Grappler (Troll Monk)                    Turns: 8786, Time: 00:21:17

Health: -8/104     AC: 10    Str: 32 (33) XL:     11   Next: 18%
Magic:  10/10      EV: 15    Int: 14 (15) God:    Cheibriados [****..]
Gold:   77         SH:  0    Dex: 21      Spells: 10/10 levels left

rFire    + . .     SeeInvis +     - Unarmed
rCold    . . .     Gourm    +   q - +2 robe
rNeg     . . .     Faith    .   (no shield)
rPois    +         Spirit   .   (helmet restricted)
rElec    .         Reflect  .   D - +0 cloak {rPois}
rCorr    .         Harm     .   (gloves unavailable)
MR       .....                  (boots unavailable)
Stlth    +++.......             (no amulet)
Regen    0.7/turn               z - ring of see invisible
MPRegen  0.2/turn               x - ring of protection from fire

@: very slow
A: unfitting armour, claws 3, hooves 1, slimy green scales 1, blurry vision 1,
deterioration 1, fast metabolism 3, gourmand, regeneration 1, shaggy fur 1,
tough skin 2
a: Bend Time, Temporal Distortion, Slouch, Renounce Religion


You were on level 9 of the Dungeon.
You worshipped Cheibriados.
Cheibriados was greatly pleased with you.
You were very full.

You visited 2 branches of the dungeon, and saw 12 of its levels.

You collected 493 gold pieces.
You spent 416 gold pieces at shops.

Inventory:

Armour
 q - a +2 robe (worn)
 D - a +0 cloak of poison resistance (worn)
 H - a +1 robe of fire resistance
 M - the +2 robe of Imuroam {-Tele +Inv rC+}
   (You bought it in a shop on level 11 of the Dungeon)

   It protects you from cold.
   It lets you turn invisible.
   It prevents most forms of teleportation.
Jewellery
 x - a ring of protection from fire (left claw)
 z - a ring of see invisible (right claw)
 B - an uncursed ring of positive energy
Wands
 E - a wand of iceblast (8/15)
 K - a wand of polymorph (12/24)
 Q - a wand of disintegration (14/24)
Scrolls
 a - a scroll of random uselessness
 c - 2 scrolls of recharging
 d - a scroll of immolation
 h - 2 scrolls of amnesia
 l - a scroll of noise
 m - 2 scrolls of teleportation
 n - 3 scrolls of remove curse
 o - a scroll of enchant weapon
 p - 2 scrolls of fear
 y - 2 scrolls of magic mapping
 L - a scroll of holy word
 O - a scroll of enchant armour
 R - a scroll of fog {unknown}
 T - a scroll of blinking {unknown}
Potions
 e - 2 potions of resistance {unknown}
 i - a potion of cancellation
 j - 2 potions of mutation
 k - a potion of haste {unknown}
 r - a potion of magic
 s - a potion of berserk rage
 t - 2 potions of flight {unknown}
 u - a potion of heal wounds
 v - 2 potions of lignification {unknown}
 w - 2 potions of curing {unknown}
 C - a potion of degeneration
 F - a potion of brilliance {unknown}
 N - a potion of might {unknown}
Books
 G - a book of Changes

   Spells                             Type                      Level
   a - Beastly Appendage              Transmutation                1
   b - Sticks to Snakes               Transmutation                2
   c - Spider Form                    Transmutation/Poison         3
   d - Ice Form                       Ice/Transmutation            4
   e - Blade Hands                    Transmutation                5
 I - a book of Necromancy

   Spells                             Type                      Level
   a - Pain                           Necromancy                   1
   b - Animate Skeleton               Necromancy                   1
   c - Vampiric Draining              Necromancy                   3
   d - Regeneration                   Charms/Necromancy            3
   e - Animate Dead                   Necromancy                   4
   f - Control Undead                 Necromancy                   4
 P - the Papyrus of the Compass and the Snowflakes
   (You found it on level 9 of the Dungeon)

   Spells                             Type                      Level
   a - Ozocubu's Armour               Charms/Ice                   3
   b - Dispersal                      Translocation                6
   c - Disjunction                    Translocation                8
Comestibles
 b - 6 bread rations
 f - 4 royal jellies
 g - 29 fruits
 A - 5 meat rations


   Skills:
 + Level 5.3 Fighting
 + Level 6.9 Dodging
 + Level 4.3 Stealth
 + Level 13.0 Unarmed Combat


You had 10 spell levels left.
You didn't know any spells.

Dungeon Overview and Level Annotations

Branches:
Dungeon (11/15)            Temple (1/1) D:7             Orc (0/2) D:9
   Lair: D:8-11

Altars:
Ashenzari
Cheibriados
Dithmenos
Elyvilon
Fedhas
Gozag
Hepliaklqana
Kikubaaqudgha
Makhleb
Nemelex Xobeh
Okawaru
Qazlal
Ru
Sif Muna
Trog
Uskayaw
Vehumet
Wu Jian
Xom
Yredelemnul
Zin
The Shining One
Lugonu

Shops:
D:7 *[*(   D:11 [


Innate Abilities, Weirdness & Mutations

You are too large for most types of armour.
You have claws for hands.
Your metabolism is lightning-fast.
You like to eat raw meat.
Your natural rate of healing is unusually fast.
You are covered in fur. (AC +1)
You have very tough skin. (AC +2)
You have large cloven feet.
You are partially covered in slimy green scales. (AC +2)
Scrolls take you a little longer to read.
Your body sometimes deteriorates upon taking damage.


Message History

Your body deteriorates!
You feel weakened. The kobold barely misses you.
The kobold hits you but does no damage.
The two-headed ogre hits you with a giant spiked club!!
The two-headed ogre hits you with a giant club!
There is a stone staircase leading up, spattered with blood here.
The kobold barely misses you. The kobold closely misses you.
You climb upwards.
There is a stone staircase leading down here.
The two-headed ogre closely misses you.
The two-headed ogre hits you with a giant club.
The kobold closely misses you. The kobold barely misses you.
The two-headed ogre closely misses you. The two-headed ogre barely misses you.
The kobold hits you but does no damage. The kobold closely misses you. x2
The kobold barely misses you.
The two-headed ogre hits you with a giant spiked club!!
* * * LOW HITPOINT WARNING * * *
Your body deteriorates!
You feel dopey.
The two-headed ogre hits you with a giant club!!
You die...

##..# #).# ###
##.# #[## ####
#.## #[# ...##
##.# #.# ....##
#.# #.# ####.##
#.# #.## #
##.####.# #..#
#...#..# #..##
##.....# #.@K#
##....# ##OK###
#....#####....###
##.......>......#
##.......).....##
#.....#####...##
##...### ###.#
######...## #.##
........## ##.#


You could see a two-headed ogre and 2 kobolds.

Vanquished Creatures
  A two-headed ogre (D:9)
  The ghost of derval the Geomancer, a novice GrEE of Vehumet (D:9)
  An ugly thing (D:11)
  2 trolls
  Prince Ribbit (D:8)
  2 hippogriffs
  Sigmund (D:4)
  14 yaks
  A wyvern (D:10)
  A hungry ghost (D:7)
  A soldier ant (D:11)
  A porcupine (D:11)
  4 sky beasts
  A phantom (D:4)
  5 ogres
  A necrophage (D:5)
  3 centaurs
  A crocodile (D:9)
  A big kobold (D:9)
  5 bullfrogs
  A water moccasin zombie (D:9)
  5 scorpions
  6 killer bees
  10 wights
  4 howler monkeys
  2 crimson imps (D:9)
  3 hounds
  4 orc priests
  6 orc wizards
  4 jellies
  Jessica (D:3)
  4 iguanas
  5 worker ants
  11 adders
  4 gnolls (D:3)
  3 shadow imps
  An adder zombie (D:5)
  4 worms
  2 dart slugs
  A leopard gecko (D:5)
  26 orcs
  7 bats
  4 giant cockroaches
  11 goblins
  12 hobgoblins
  3 jackals (D:5)
  7 kobolds
  4 quokkas
  2 ball pythons
  A ball python zombie (D:5)
  6 frilled lizards
  A jackal skeleton (D:4)
  7 rats
220 creatures vanquished.

Vanquished Creatures (others)
  An orc (D:3)
1 creature vanquished.

Grand Total: 221 creatures vanquished

Notes
Turn   | Place    | Note
-------+----------+-------------------------------------------
     0 | D:1      | galech the Troll Monk began the quest for the Orb.
     0 | D:1      | Reached XP level 1. HP: 22/22 MP: 0/0
   173 | D:1      | Reached XP level 2. HP: 29/29 MP: 1/1
   657 | D:1      | Reached XP level 3. HP: 36/36 MP: 2/2
  1291 | D:2      | Reached XP level 4. HP: 38/44 MP: 3/3
  1372 | D:2      | Reached skill level 4 in Unarmed Combat
  1528 | D:3      | Reached XP level 5. HP: 37/52 MP: 4/4
  1597 | D:3      | Found a hide-covered altar of Uskayaw.
  1752 | D:3      | Noticed Jessica
  1763 | D:3      | Killed Jessica
  1937 | D:3      | Found a sacrificial altar of Ru.
  2019 | D:3      | Reached skill level 5 in Unarmed Combat
  2259 | D:4      | Noticed a phantom
  2265 | D:4      | Noticed Sigmund
  2279 | D:4      | Killed Sigmund
  2279 | D:4      | Reached XP level 6. HP: 14/59 MP: 5/5
  2292 | D:4      | HP: 2/59 [phantom (10)]
  2294 | D:4      | Reached skill level 6 in Unarmed Combat
  2446 | D:4      | Found a glowing silver altar of Zin.
  2506 | D:4      | Reached XP level 7. HP: 67/67 MP: 6/6
  2884 | D:5      | Entered Level 5 of the Dungeon
  3053 | D:4      | Reached skill level 7 in Unarmed Combat
  3351 | D:5      | Reached XP level 8. HP: 61/75 MP: 7/7
  3693 | D:5      | Reached skill level 8 in Unarmed Combat
  3806 | D:5      | Gained mutation: Your body sometimes deteriorates upon taking damage. [mutagenic meat]
  3889 | D:5      | Reached skill level 9 in Unarmed Combat
  4505 | D:6      | Found an ornate altar of the Wu Jian Council.
  4519 | D:6      | Reached skill level 5 in Dodging
  4870 | D:7      | Found Umaeng's Assorted Antiques.
  4870 | D:7      | Found Buhaox's Armour Shop.
  4884 | D:7      | Found a shattered altar of Ashenzari.
  4943 | D:7      | Found Huefexug's General Store.
  4951 | D:7      | Bought a potion of mutation for 104 gold pieces
  4991 | D:7      | Found Cifog's Antique Weapon Emporium.
  5009 | D:7      | Reached XP level 9. HP: 80/84 MP: 8/8
  5143 | D:7      | Found a staircase to the Ecumenical Temple.
  5152 | Temple   | Entered the Ecumenical Temple
  5164 | Temple   | Became a worshipper of Cheibriados the Contemplative
  5164 | Temple   | Reached * piety under Cheibriados
  5164 | Temple   | Reached ** piety under Cheibriados
  5255 | D:7      | Found Uterchukk's Jewellery Shop.
  5462 | D:7      | Found a blossoming altar of Fedhas.
  5469 | D:7      | Found a burning altar of Makhleb.
  5476 | D:7      | Found a deep blue altar of Sif Muna.
  5481 | D:7      | Found a basalt altar of Yredelemnul.
  5488 | D:7      | Found a sparkling altar of Nemelex Xobeh.
  5493 | D:7      | Found a shadowy altar of Dithmenos.
  5504 | D:7      | Found a glowing golden altar of the Shining One.
  5539 | D:8      | Found an ancient bone altar of Kikubaaqudgha.
  5867 | D:7      | Bought a +0 cloak of poison resistance for 102 gold pieces
  5887 | D:8      | Reached skill level 10 in Unarmed Combat
  6264 | D:8      | Found a hazy altar of Hepliaklqana.
  6337 | D:8      | Noticed Prince Ribbit
  6345 | D:8      | Killed Prince Ribbit
  6543 | D:9      | Noticed derval's ghost (novice GrEE)
  6616 | D:9      | Killed derval's ghost
  6616 | D:9      | Reached XP level 10. HP: 57/94 MP: 9/9
  6618 | D:9      | Reached skill level 11 in Unarmed Combat
  6691 | D:9      | Found an iron altar of Okawaru.
  6696 | D:9      | Noticed a two-headed ogre
  6703 | D:9      | Killed a two-headed ogre
  6709 | D:9      | Reached *** piety under Cheibriados
  6921 | D:9      | Found a stormy altar of Qazlal.
  7127 | D:9      | Reached skill level 12 in Unarmed Combat
  7385 | D:9      | Reached skill level 5 in Fighting
  7651 | D:9      | Identified the Papyrus of the Compass and the Snowflakes
  7689 | D:9      | Found a staircase to the Orcish Mines.
  7906 | D:9      | Reached **** piety under Cheibriados
  7942 | D:9      | You fall through a shaft for 2 floors!
  7958 | D:11     | Noticed a brown ugly thing
  7986 | D:11     | Noticed an eight-headed hydra
  8025 | D:11     | Killed a brown ugly thing
  8028 | D:11     | Gained mutation: Scrolls take you a little longer to read. [mutagenic meat]
  8029 | D:11     | Gained mutation: You are partially covered in slimy green scales. (AC +2) [mutagenic meat]
  8030 | D:11     | Gained mutation: You have large cloven feet. [mutagenic meat]
  8117 | D:11     | Found Leuzuwoi's Antique Armour Emporium.
  8125 | D:11     | Reached XP level 11. HP: 102/102 MP: 10/10
  8135 | D:11     | Bought a twisted robe for 210 gold pieces
  8145 | D:11     | Identified the +2 robe of Imuroam {-Tele +Inv rC+} (You bought it in a shop on level 11 of the Dungeon)
  8439 | D:10     | Entered Level 10 of the Dungeon
  8731 | D:10     | Reached skill level 13 in Unarmed Combat
  8769 | D:10     | Noticed a two-headed ogre
  8786 | D:9      | Mangled by a two-headed ogre

Vault maps used:
D:1:      sevenhm_arrival_forest_fort_small_6, st_stairs_6,
          minmay_misc_feat_hallway, minmay_split_cup_small
D:2:      cheibrodos_greedy_goblins, first_bread
D:3:      old_standard_altar, nicolae_ru_the_path_less_chosen, uniq_jessica
D:4:      lemuel_round_altar, uniq_sigmund
D:5:      roderic_lattice_a
D:6:      old_standard_altar
D:7:      evilmike_ruin_ashenzari, grunt_temple_overflow_octagram,
          minmay_temple_entry_fiery, serial_shops, shop, shop_statue,
          nicolae_shop_stone, shop, shop
D:8:      marbit_many_paths, old_standard_altar, uniq_prince_ribbit1
D:9:      kennysheep_mini, lemuel_round_altar, orc_0_dummy
D:10:     serial_shops, nicolae_shop_temple_entry_statues_fountains,
          blue_anna_alchemist
D:11:     minmay_lair_entry_grove, serial_shops, shop, uniq_nergalle
Temple:   corrupted_temple

Skill      XL: |  1  2  3  4  5  6  7  8  9 10 11 |
---------------+----------------------------------+-----
Unarmed Combat | 4 5 6 7 9 10 12 13 | 13.0
Dodging        | 3 4 5 6 |  6.9
Stealth        | 2 3 4 |  4.3
Fighting       | 3 4 5 |  5.3

Action                   |  1- 3 |  4- 6 |  7- 9 | 10-12 || total
-------------------------+-------+-------+-------+-------++-------
Melee: Unarmed           |    89 |   118 |   287 |   194 ||   688
       Punch             |       |     5 |    14 |     8 ||    27
       Kick              |       |       |       |    22 ||    22
  Use: Scroll            |       |       |    13 |     5 ||    18
       Potion            |       |       |     3 |     1 ||     4
 Stab: Sleeping          |     4 |     4 |     5 |     8 ||    21
       Distracted        |       |       |     2 |     1 ||     3
  Eat: Chunk             |    17 |    11 |    42 |    14 ||    84
Armor: Robe              |    39 |    33 |    89 |    36 ||   197
Dodge: Dodged            |    34 |    59 |   133 |   121 ||   347
